 Dungeon Crawl Stone Soup version 0.19.1 (webtiles) character file.

105 Aksej the Slasher (level 4, -5/34 HPs)
             Began as a Demonspawn Gladiator on Dec 1, 2016.
             Was an Initiate of Qazlal.
             Slain by Crazy Yiuf
             ... wielding a +3 quarterstaff of chaos
              (8 damage)
             ... on level 2 of the Dungeon.
             The game lasted 00:04:22 (2007 turns).

Aksej the Slasher (Demonspawn Gladiator)            Turns: 2007, Time: 00:04:23

Health: -5/34      AC:  5    Str: 15    XL:     4   Next: 54%
Magic:  4/4        EV: 11    Int:  9    God:    Qazlal [......]
Gold:   97         SH:  0    Dex: 15    Spells: 0 memorised, 3 levels left

rFire  + . .     SeeInvis .     a - +0 long sword
rCold  + . .     Gourm    .     l - +0 ring mail
rNeg   . . .     Faith    .     (no shield)
rPois  +         Spirit   .     (helmet restricted)
rElec  +         Reflect  .     (no cloak)
rCorr  +         Harm     .     (no gloves)
MR     .....                    (no boots)
Stlth  +.........               (no amulet)
                                (no ring)
                                (no ring)

@: resistant, heavily drained
A: horns 1, demonic guardian 1
a: Renounce Religion


You were on level 2 of the Dungeon.
You worshipped Qazlal.
Qazlal was noncommittal.
You were hungry.

You visited 1 branch of the dungeon, and saw 2 of its levels.

You collected 97 gold pieces.

Inventory:

Hand Weapons
 a - a +0 long sword (weapon)
Missiles
 d - 3 throwing nets (quivered)
Armour
 l - a +0 ring mail (worn)
Scrolls
 b - 2 scrolls of teleportation {unknown}
 c - a scroll of noise {unknown}
 e - 2 scrolls of identify
Potions
 i - a potion of haste {unknown}
 j - a potion of lignification {unknown}
Comestibles
 f - a bread ration
 g - 2 meat rations
 m - 3 fruits


   Skills:
 + Level 2.3(1.0) Fighting
 * Level 4.3(2.9) Long Blades
 + Level 2.0(0.7) Throwing
 + Level 0.6(0.0) Armour
 + Level 3.0(1.7) Dodging


You had 3 spell levels left.
You didn't know any spells.

Dungeon Overview and Level Annotations

Branches:
Dungeon (2/15)

Altars:
Elyvilon
Gozag
Makhleb
Qazlal
Ru

Annotations:
D:2 Crazy Yiuf


Innate Abilities, Weirdness & Mutations

You have a pair of small horns on your head.
A weak demonic guardian rushes to your aid.


Message History

Crazy Yiuf freezes you.
Your ufetubus barely misses Crazy Yiuf. x2
Your ufetubus closely misses the gnoll.
Your ufetubus hits the gnoll but does no damage.
You hit Crazy Yiuf. Your headbutt misses Crazy Yiuf.
Crazy Yiuf is lightly wounded.
Your ufetubus closely misses the gnoll.
Your ufetubus hits the gnoll.
Crazy Yiuf hits you with a quarterstaff of chaos!
* * * LOW HITPOINT WARNING * * *
Crazy Yiuf freezes you.
* * * LOW HITPOINT WARNING * * *
The gnoll hits your ufetubus with a flail.
Your ufetubus hits the gnoll.
The gnoll dies!
Qazlal accepts your kill.
Your base Throwing skill increases to level 2!
You feel protected.
Crazy Yiuf twirls on the spot.
Crazy Yiuf hits you with a quarterstaff of chaos!
You die...

.#.##
#............
.#..##
#............
.#..g##
#............
##....#
#............
#.5.g#
#............
♣PPP.♣
###..g######
♣♣.Pg♣
#####)# ♣♣.♣♣
#....)#####
♣♣.♣
#....5gg@.#
♣.♣♣
#..##..####
♣♣5♣ #......#
♣g♣♣ #......#
#g# #.....##


g.g #...### #...# #...# #)..# #...# ##### #...# You could see Crazy Yiuf, a
gnoll and a friendly ufetubus.

Vanquished Creatures
  Terence (D:2)
  3 adders (D:2)
  3 worms (D:2)
  A dart slug (D:1)
  A leopard gecko (D:2)
  3 giant cockroaches
  6 hobgoblins
  6 kobolds
  A quokka (D:2)
  A ball python (D:1)
  A bat (D:2)
  3 frilled lizards (D:1)
  4 goblins
  5 rats
39 creatures vanquished.

Vanquished Creatures (collateral kills)
  A gnoll (D:2)
1 creature vanquished.

Vanquished Creatures (others)
  A fungus (D:2)
1 creature vanquished.

Grand Total: 41 creatures vanquished

Notes
Turn   | Place    | Note
-------+----------+-------------------------------------------
     0 | D:1      | Aksej the Demonspawn Gladiator began the quest for the Orb.
     0 | D:1      | Reached XP level 1. HP: 16/16 MP: 1/1
    59 | D:1      | Reached skill level 3 in Long Blades
   220 | D:1      | Gained mutation: You have a pair of small horns on your head. [demonic ancestry]
   220 | D:1      | Reached XP level 2. HP: 9/22 MP: 2/2
   772 | D:2      | Reached XP level 3. HP: 26/27 MP: 3/3
  1183 | D:2      | Noticed Terence
  1197 | D:2      | Killed Terence
  1197 | D:2      | Reached skill level 4 in Long Blades
  1197 | D:2      | Gained mutation: A weak demonic guardian rushes to your aid. [demonic ancestry]
  1197 | D:2      | Reached XP level 4. HP: 11/33 MP: 4/4
  1571 | D:2      | Found a white marble altar of Elyvilon.
  1571 | D:2      | Found a burning altar of Makhleb.
  1709 | D:2      | Found a stormy altar of Qazlal.
  1716 | D:2      | Found a sacrificial altar of Ru.
  1716 | D:2      | Found an opulent altar of Gozag.
  1723 | D:2      | Became a worshipper of Qazlal Stormbringer
  1957 | D:2      | Found a runed door.
  1961 | D:2      | Noticed Crazy Yiuf
  2007 | D:2      | Slain by Crazy Yiuf

Skill      XL: |  1  2  3  4 |
---------------+-------------+-----
Long Blades    | 3 4 |  4.3
Dodging        | 3 |  3.0
Throwing       | 2 |  2.0
Fighting       | |  2.3
Armour         | |  0.6

Action                   |  1- 3 |  4- 6 || total
-------------------------+-------+-------++-------
Melee: Long sword        |    83 |    38 ||   121
       Headbutt          |    20 |     7 ||    27
Throw: Throwing net      |       |     3 ||     3
  Use: Scroll            |     8 |       ||     8
       Potion            |     1 |     1 ||     2
 Stab: Sleeping          |     1 |       ||     1
       Held in net/web   |       |     2 ||     2
  Eat: Chunk             |     1 |     2 ||     3
Armor: Leather armour    |     4 |       ||     4
       Ring mail         |    23 |    12 ||    35
Dodge: Dodged            |    69 |    16 ||    85
       Rpst.: Long sword |    25 |     8 ||    33
